[ PARTIDA AOE2 · #483569339 ]
1v1 RMBohemios vs Persians
Equipo del jugador · DERR
Equipo rival · VICT
[ ANÁLISIS DE REPETICIÓN · EXTRAÍDO DE LA PARTIDA GRABADA ]
Feudal
10:10
Castillos
24:41
Imperial
38:39
| APM promedio | 8.4 |
| APM pico | 20 |
| eAPM promedio | 7.5 |
| Aldeanos / militares | 66 / 116 |
Foco
⚔️ 48.6% · 🌾 51.4%
Spearman ×53 · Archer ×19 · Hussite Wagon ×17 · Hand Cannoneer ×11 · Militia ×10 · Mangonel ×4
Feudal
14:07
Castillos
18:41
Imperial
33:57
| APM promedio | 11.9 |
| APM pico | 72 |
| eAPM promedio | 10.2 |
| Aldeanos / militares | 119 / 140 |
Foco
⚔️ 25.3% · 🌾 74.7%
War Elephant ×135 · Monk ×3 · Knight ×2
Mapa de la partida
Recursos iniciales + cada clic de construcción. Líneas = muros · curvas = relieve. ◆ oro · ⬟ piedra · ● bayas · ✦ reliquia · ◌ hueco del cierre
Tu base· ✓ Cerrada en 24:41 · 0t muro · 2 puerta(s)
Base de Pukka· ✓ Cerrada en 18:41 · 0t muro · 3 puerta(s)
Terreno inicial suavizado · ◌ = hueco del cierre detectado · pasá el cursor para detalles
Inputs por minuto
— Djaspa - - Pukka
Build order — Djaspa
Primeras 150 de 280 acciones detectadas
| 0:11 | Construir | House |
| 0:22 | Crear | Villager (Male) |
| 0:22 | Crear | Villager (Male) |
| 0:23 | Investigar | Loom |
| 0:32 | Crear | Villager (Male) |
| 0:59 | Crear | Villager (Male) |
| 0:59 | Crear | Villager (Male) |
| 1:10 | Construir | House |
| 1:50 | Construir | Lumber Camp |
| 2:00 | Crear | Villager (Male) |
| 2:48 | Crear | Villager (Male) |
| 3:16 | Crear | Villager (Male) |
| 3:43 | Crear | Villager (Male) |
| 4:03 | Crear | Villager (Male) |
| 4:26 | Crear | Villager (Male) |
| 4:46 | Crear | Villager (Male) |
| 7:15 | Construir | Mill |
| 7:47 | Construir | House |
| 7:51 | Construir | House |
| 8:00 | Investigar | Feudal Age |
| 9:08 | Construir | Barracks |
| 9:16 | Crear | Villager (Male) |
| 9:16 | Crear | Villager (Male) |
| 9:46 | Crear | Villager (Male) |
| 10:10 | Edad | Edad Feudal |
| 10:13 | Investigar | Horse Collar |
| 10:23 | Crear | Spearman |
| 10:23 | Crear | Spearman |
| 10:23 | Crear | Spearman |
| 10:23 | Crear | Spearman |
| 10:26 | Crear | Militia |
| 10:39 | Construir | Mining Camp |
| 10:50 | Crear | Villager (Male) |
| 11:30 | Construir | Farm |
| 11:35 | Crear | Villager (Male) |
| 11:57 | Construir | Farm |
| 12:03 | Crear | Villager (Male) |
| 12:18 | Construir | House |
| 12:22 | Construir | House |
| 12:25 | Construir | House |
| 12:32 | Construir | Farm |
| 12:44 | Crear | Villager (Male) |
| 12:50 | Crear | Militia |
| 13:17 | Crear | Villager (Male) |
| 13:40 | Construir | Mining Camp |
| 13:48 | Crear | Militia |
| 13:52 | Crear | Spearman |
| 14:13 | Construir | Blacksmith |
| 14:19 | Crear | Villager (Male) |
| 14:41 | Crear | Militia |
| 14:55 | Construir | Archery Range |
| 15:14 | Construir | House |
| 15:16 | Construir | House |
| 15:19 | Crear | Villager (Male) |
| 15:20 | Crear | Villager (Male) |
| 15:27 | Construir | Farm |
| 15:38 | Crear | Villager (Male) |
| 15:50 | Construir | Farm |
| 16:15 | Construir | Farm |
| 16:19 | Construir | Farm |
| 16:24 | Crear | Archer |
| 16:24 | Crear | Archer |
| 16:24 | Crear | Archer |
| 16:33 | Crear | Villager (Male) |
| 16:42 | Crear | Villager (Male) |
| 17:12 | Investigar | Forging |
| 17:39 | Construir | Farm |
| 17:44 | Construir | Farm |
| 17:47 | Crear | Villager (Male) |
| 17:47 | Crear | Villager (Male) |
| 17:53 | Crear | Archer |
| 17:54 | Crear | Archer |
| 17:58 | Crear | Villager (Male) |
| 17:58 | Crear | Villager (Male) |
| 18:15 | Construir | Farm |
| 18:25 | Crear | Villager (Male) |
| 18:57 | Crear | Militia |
| 18:57 | Crear | Militia |
| 19:01 | Investigar | Man-at-Arms (upgrade) |
| 19:15 | Construir | Farm |
| 19:38 | Construir | Farm |
| 20:02 | Construir | House |
| 20:06 | Construir | House |
| 20:42 | Construir | Farm |
| 20:48 | Construir | Farm |
| 21:00 | Crear | Militia |
| 21:15 | Construir | House |
| 22:01 | Investigar | Castle Age |
| 22:52 | Crear | Archer |
| 22:52 | Crear | Archer |
| 22:53 | Crear | Archer |
| 22:53 | Crear | Archer |
| 23:29 | Crear | Militia |
| 23:29 | Crear | Militia |
| 23:30 | Crear | Militia |
| 24:34 | Crear | Spearman |
| 24:34 | Crear | Spearman |
| 24:34 | Crear | Spearman |
| 24:36 | Crear | Spearman |
| 24:41 | Edad | Edad de los Castillos |
| 24:53 | Construir | Town Center |
| 24:57 | Crear | Villager (Male) |
| 24:57 | Crear | Villager (Male) |
| 24:58 | Crear | Villager (Male) |
| 24:58 | Crear | Villager (Male) |
| 25:06 | Investigar | Fletching |
| 25:07 | Investigar | Padded Archer Armor |
| 25:11 | Crear | Archer |
| 25:11 | Crear | Archer |
| 25:11 | Crear | Archer |
| 25:51 | Construir | Castle |
| 26:20 | Construir | Lumber Camp |
| 26:33 | Construir | House |
| 26:36 | Construir | House |
| 26:48 | Crear | Villager (Male) |
| 26:49 | Crear | Villager (Male) |
| 26:49 | Crear | Villager (Male) |
| 26:49 | Crear | Villager (Male) |
| 26:55 | Crear | Villager (Male) |
| 26:55 | Crear | Villager (Male) |
| 26:55 | Crear | Villager (Male) |
| 26:56 | Crear | Villager (Male) |
| 27:35 | Crear | Villager (Male) |
| 27:35 | Crear | Villager (Male) |
| 27:46 | Construir | Mining Camp |
| 27:55 | Construir | House |
| 28:10 | Construir | University |
| 28:36 | Crear | Hussite Wagon |
| 28:58 | Investigar | Crossbowman (upgrade) |
| 28:59 | Crear | Archer |
| 28:59 | Crear | Archer |
| 28:59 | Crear | Archer |
| 29:00 | Crear | Archer |
| 29:17 | Investigar | Double-Bit Axe |
| 29:22 | Construir | Farm |
| 29:45 | Investigar | Chemistry |
| 29:54 | Construir | Mining Camp |
| 30:12 | Crear | Villager (Male) |
| 30:12 | Crear | Villager (Male) |
| 30:12 | Crear | Villager (Male) |
| 30:16 | Crear | Villager (Male) |
| 30:16 | Crear | Villager (Male) |
| 30:17 | Crear | Villager (Male) |
| 30:32 | Crear | Hussite Wagon |
| 31:04 | Construir | Farm |
| 31:08 | Investigar | Murder Holes |
| 31:42 | Construir | Farm |
| 31:57 | Construir | Farm |
| 32:01 | Investigar | Fortified Wall (upgrade) |
| 32:51 | Construir | Farm |
Build order — Pukka
Primeras 150 de 325 acciones detectadas
| 0:01 | Crear | Villager (Male) |
| 0:01 | Crear | Villager (Male) |
| 0:01 | Crear | Villager (Male) |
| 0:02 | Crear | Villager (Male) |
| 0:02 | Crear | Villager (Male) |
| 0:04 | Construir | House |
| 0:09 | Construir | House |
| 1:33 | Crear | Villager (Male) |
| 1:33 | Crear | Villager (Male) |
| 1:42 | Construir | Lumber Camp |
| 1:58 | Crear | Villager (Male) |
| 1:58 | Crear | Villager (Male) |
| 2:25 | Crear | Villager (Male) |
| 2:25 | Crear | Villager (Male) |
| 3:10 | Construir | House |
| 3:20 | Construir | House |
| 3:21 | Construir | House |
| 3:22 | Construir | House |
| 3:24 | Crear | Villager (Male) |
| 3:25 | Crear | Villager (Male) |
| 3:25 | Crear | Villager (Male) |
| 3:53 | Crear | Villager (Male) |
| 3:53 | Crear | Villager (Male) |
| 4:12 | Crear | Villager (Male) |
| 4:12 | Crear | Villager (Male) |
| 4:40 | Construir | Mill |
| 4:45 | Crear | Villager (Male) |
| 4:46 | Crear | Villager (Male) |
| 4:50 | Crear | Villager (Male) |
| 4:51 | Crear | Villager (Male) |
| 4:54 | Construir | House |
| 4:55 | Construir | House |
| 5:39 | Crear | Villager (Male) |
| 5:39 | Crear | Villager (Male) |
| 5:59 | Construir | Barracks |
| 6:23 | Crear | Villager (Male) |
| 6:23 | Crear | Villager (Male) |
| 6:24 | Crear | Villager (Male) |
| 6:24 | Crear | Villager (Male) |
| 6:24 | Crear | Villager (Male) |
| 6:46 | Crear | Villager (Male) |
| 7:37 | Crear | Villager (Male) |
| 7:37 | Crear | Villager (Male) |
| 7:38 | Crear | Villager (Male) |
| 7:38 | Crear | Villager (Male) |
| 7:38 | Crear | Villager (Male) |
| 7:52 | Construir | House |
| 7:53 | Construir | House |
| 8:30 | Construir | Mill |
| 8:48 | Construir | Farm |
| 9:01 | Crear | Villager (Male) |
| 9:01 | Crear | Villager (Male) |
| 9:01 | Crear | Villager (Male) |
| 9:01 | Crear | Villager (Male) |
| 9:23 | Construir | Mining Camp |
| 9:41 | Construir | Mining Camp |
| 9:46 | Crear | Villager (Male) |
| 9:46 | Crear | Villager (Male) |
| 9:53 | Construir | Farm |
| 10:28 | Construir | Lumber Camp |
| 10:36 | Construir | Farm |
| 10:40 | Construir | House |
| 10:46 | Crear | Villager (Male) |
| 11:11 | Construir | Farm |
| 11:15 | Construir | House |
| 11:31 | Construir | House |
| 11:38 | Construir | House |
| 11:40 | Crear | Villager (Male) |
| 11:40 | Crear | Villager (Male) |
| 11:55 | Construir | Farm |
| 11:59 | Investigar | Feudal Age |
| 12:09 | Construir | Farm |
| 12:34 | Crear | Villager (Male) |
| 12:34 | Crear | Villager (Male) |
| 12:35 | Crear | Villager (Male) |
| 12:41 | Construir | Farm |
| 12:47 | Construir | House |
| 12:50 | Construir | House |
| 12:52 | Construir | House |
| 13:03 | Construir | Farm |
| 13:08 | Construir | Farm |
| 13:22 | Construir | Farm |
| 14:07 | Edad | Edad Feudal |
| 14:14 | Construir | Stable |
| 14:27 | Construir | Blacksmith |
| 14:33 | Construir | House |
| 14:36 | Crear | Villager (Male) |
| 14:36 | Crear | Villager (Male) |
| 15:03 | Construir | Farm |
| 15:19 | Construir | Farm |
| 16:15 | Investigar | Castle Age |
| 16:38 | Investigar | Double-Bit Axe |
| 16:44 | Investigar | Horse Collar |
| 17:06 | Construir | House |
| 17:08 | Construir | House |
| 17:11 | Construir | House |
| 17:18 | Construir | House |
| 17:22 | Construir | House |
| 17:43 | Construir | Watch Tower |
| 17:44 | Construir | Watch Tower |
| 17:53 | Construir | House |
| 17:56 | Construir | House |
| 18:07 | Construir | Farm |
| 18:08 | Construir | Farm |
| 18:21 | Crear | Villager (Male) |
| 18:21 | Crear | Villager (Male) |
| 18:22 | Crear | Villager (Male) |
| 18:22 | Crear | Villager (Male) |
| 18:22 | Crear | Villager (Male) |
| 18:41 | Edad | Edad de los Castillos |
| 18:53 | Construir | Monastery |
| 19:01 | Investigar | Bow Saw |
| 19:04 | Investigar | Heavy Plow |
| 19:33 | Crear | Villager (Male) |
| 19:53 | Construir | Town Center |
| 20:24 | Construir | Town Center |
| 20:39 | Crear | Villager (Male) |
| 20:39 | Crear | Villager (Male) |
| 20:39 | Crear | Villager (Male) |
| 20:39 | Crear | Villager (Male) |
| 20:52 | Crear | Monk |
| 20:52 | Crear | Monk |
| 20:54 | Investigar | Fervor |
| 21:40 | Investigar | Stone Mining |
| 21:41 | Investigar | Gold Mining |
| 22:23 | Crear | Villager (Male) |
| 22:24 | Crear | Villager (Male) |
| 22:26 | Crear | Villager (Male) |
| 22:26 | Crear | Villager (Male) |
| 22:26 | Crear | Villager (Male) |
| 22:26 | Crear | Villager (Male) |
| 22:26 | Crear | Villager (Male) |
| 22:27 | Crear | Villager (Male) |
| 22:27 | Crear | Villager (Male) |
| 22:27 | Crear | Villager (Male) |
| 22:28 | Crear | Villager (Male) |
| 22:42 | Crear | Villager (Male) |
| 22:43 | Crear | Villager (Male) |
| 22:49 | Crear | Villager (Male) |
| 22:49 | Crear | Villager (Male) |
| 22:49 | Crear | Villager (Male) |
| 22:49 | Crear | Villager (Male) |
| 22:50 | Crear | Villager (Male) |
| 22:50 | Crear | Villager (Male) |
| 22:50 | Crear | Villager (Male) |
| 23:09 | Crear | Monk |
| 23:17 | Crear | Knight |
| 23:17 | Crear | Knight |
| 23:58 | Investigar | Scale Barding Armor |
| 24:00 | Crear | Villager (Male) |
Cronología de la partida
| 5:59 | Pukka · first_building Barracks |
| 9:08 | Djaspa · first_building Barracks |
| 10:10 | Djaspa · age_up feudal |
| 14:07 | Pukka · age_up feudal |
| 14:14 | Pukka · first_building Stable |
| 14:55 | Djaspa · first_building Archery Range |
| 18:41 | Pukka · age_up castle |
| 18:53 | Pukka · first_building Monastery |
| 24:41 | Djaspa · age_up castle |
| 25:51 | Djaspa · first_building Castle |
| 29:52 | Pukka · first_building Castle |
| 33:37 | Djaspa · first_building Siege Workshop |
| 33:57 | Pukka · age_up imperial |
| 38:39 | Djaspa · age_up imperial |
| 53:02 | Djaspa · resign |
[ ANÁLISIS IA · 1 CRÉDITO ]
¿Qué pasó realmente en esta partida?
Wolo.gg analiza cada decisión: build order, eco, micro, errores típicos por bracket. Análisis personalizado por WhatsApp o Discord en 30 segundos.
Guía civ
Bohemios
Guía mapa
Arena
Perfil
Jugador #24046325